General information
- name: BNet
- type: Ladder team game (AT/RT)
- host: Battle.net
- saver: iggy_the_fisk
map: Monsoon
- players: 6
- length: 103:59
- speed: Fast
- version: 1.26 W3XP
- replay type:

» download(823 KB)
Players
team 1 (loser)
BEAR_AND (
red | 104 APM | 10823 actions | 103:55)
6 Warden
3 Shadow Strike
3 Blink
» actions
| Assign group hotkey | 37 | |
| Basic commands | 35 | |
| Build / train | 90 | |
| Enter build submenu | 33 | |
| Enter hero's abilities submenu | 6 | |
| Give item / drop item | 28 | |
| Right click | 7963 | |
| Select / deselect | 682 | |
| Select group hotkey | 1620 | |
| Use ability | 325 | |
10823 total
» units
» upgrades
| Ultravision | 1 | |
| Strength of the Wild | 3 | |
| Reinforced Hides | 2 | |
| Nature's Blessing | 1 | |
| Corrosive Breath | 1 | |
8 total
» buildings
| Altar of Elders | 3 | |
| Moon Well | 14 | |
| Tree of Life | 4 | |
| Tree of Ages | 1 | |
| Hunter's Hall | 1 | |
| Tree of Eternity | 1 | |
| Ancient of Wind | 1 | |
| Chimaera Roost | 2 | |
27 total
» build order
00:24 Altar of Elders
00:36 Moon Well
02:39 Moon Well
04:05 Moon Well
06:21 Moon Well
09:11 Tree of Life
09:48 Tree of Life
14:56 Altar of Elders
15:36 Moon Well
16:05 Moon Well
19:32 Tree of Ages
19:37 Hunter's Hall
19:39 Moon Well
19:41 Moon Well
20:10 Tree of Life
22:20 Tree of Eternity
22:24 Ancient of Wind
25:52 Chimaera Roost
25:53 Chimaera Roost
25:58 Moon Well
25:59 Moon Well
25:59 Moon Well
26:39 Tree of Life
27:41 Moon Well
27:41 Moon Well
27:41 Moon Well
40:55 Altar of Elders
» items
| Boots of Speed | 1 | |
| Staff of Teleportation | 1 | |
| Scroll of Town Portal | 1 | |
| Healing Salve | 2 | |
| Lesser Clarity Potion | 2 | |
| Staff of Sanctuary | 1 | |
8 total
BORNINTHEusa (
yellow | 101 APM | 10521 actions | 103:52)
10 Blademaster
3 Wind Walk
3 Critical Strike
1 Bladestorm
3 Mirror Image
» actions
| Assign group hotkey | 47 | |
| Basic commands | 27 | |
| Build / train | 96 | |
| ESC pressed | 3 | |
| Enter build submenu | 45 | |
| Enter hero's abilities submenu | 10 | |
| Give item / drop item | 11 | |
| Right click | 7978 | |
| Select / deselect | 458 | |
| Select group hotkey | 1335 | |
| Use ability | 510 | |
10521 total
» units
» upgrades
| Spiked Barricades | 1 | |
| Liquid Fire | 1 | |
| Ranged Weapons | 2 | |
4 total
» buildings
| Altar of Storms | 3 | |
| Orc Burrow | 7 | |
| War Mill | 1 | |
| Watch Tower | 24 | |
| Stronghold | 1 | |
| Voodoo Lounge | 4 | |
| Beastiary | 3 | |
| Fortress | 1 | |
44 total
» build order
00:09 Altar of Storms
00:15 Orc Burrow
00:29 War Mill
01:50 Watch Tower
01:58 Watch Tower
03:00 Watch Tower
03:08 Stronghold
03:56 Watch Tower
03:57 Watch Tower
03:59 Voodoo Lounge
05:17 Watch Tower
05:19 Watch Tower
05:21 Watch Tower
05:26 Watch Tower
05:37 Beastiary
05:37 Beastiary
05:47 Fortress
06:27 Watch Tower
06:28 Watch Tower
06:44 Watch Tower
06:53 Orc Burrow
07:35 Watch Tower
07:36 Watch Tower
08:17 Voodoo Lounge
08:43 Watch Tower
08:48 Watch Tower
09:00 Voodoo Lounge
09:32 Orc Burrow
09:34 Orc Burrow
09:56 Watch Tower
09:57 Watch Tower
10:05 Voodoo Lounge
11:13 Watch Tower
11:13 Watch Tower
14:12 Watch Tower
14:13 Watch Tower
14:16 Watch Tower
14:17 Watch Tower
15:49 Altar of Storms
16:02 Beastiary
17:01 Altar of Storms
17:31 Orc Burrow
17:31 Orc Burrow
17:32 Orc Burrow
» items
| Staff of Teleportation | 1 | |
| Boots of Speed | 1 | |
| Healing Salve | 1 | |
| Lesser Clarity Potion | 6 | |
| Orb of Lightning | 1 | |
10 total
iggy_the_fisk (
green | 114 APM | 11832 actions | 103:59)
9 Archmage
3 Blizzard
3 Brilliance Aura
1 Mass Teleport
2 Summon Water Elemental
8 Blood Mage
3 Flame Strike
3 Siphon Mana
1 Summon Phoenix
1 Banish
9 Mountain King
3 Storm Bolt
3 Bash
1 Avatar
2 Thunder Clap
» actions
| Assign group hotkey | 571 | |
| Basic commands | 78 | |
| Build / train | 177 | |
| ESC pressed | 1 | |
| Enter build submenu | 130 | |
| Enter hero's abilities submenu | 26 | |
| Give item / drop item | 10 | |
| Right click | 6188 | |
| Select / deselect | 1130 | |
| Select group hotkey | 2774 | |
| Use ability | 747 | |
11832 total
» units
» upgrades
| Masonry | 3 | |
| Lumber Harvesting | 1 | |
| Magic Sentry | 1 | |
5 total
» buildings
| Altar of Kings | 1 | |
| Farm | 4 | |
| Lumber Mill | 1 | |
| Scout Tower | 142 | |
| Arcane Tower | 6 | |
| Guard Tower | 65 | |
| Arcane Vault | 3 | |
| Keep | 1 | |
| Town Hall | 3 | |
| Arcane Sanctum | 1 | |
| Castle | 1 | |
228 total
» build order
00:04 Altar of Kings
00:19 Farm
00:58 Lumber Mill
01:22 Farm
01:49 Scout Tower
01:51 Scout Tower
01:59 Scout Tower
02:26 Arcane Tower
02:26 Arcane Tower
02:27 Scout Tower
02:29 Scout Tower
02:29 Arcane Tower
03:12 Guard Tower
03:13 Scout Tower
03:33 Scout Tower
03:49 Guard Tower
03:56 Scout Tower
03:59 Scout Tower
04:10 Arcane Vault
04:10 Guard Tower
04:12 Scout Tower
04:13 Keep
04:18 Farm
04:23 Arcane Tower
04:27 Scout Tower
04:32 Guard Tower
04:49 Guard Tower
05:51 Guard Tower
05:52 Scout Tower
05:53 Scout Tower
06:34 Scout Tower
06:35 Scout Tower
06:43 Guard Tower
06:45 Scout Tower
07:10 Guard Tower
07:14 Guard Tower
07:15 Scout Tower
07:16 Scout Tower
07:31 Farm
08:27 Town Hall
08:35 Guard Tower
08:36 Scout Tower
08:53 Scout Tower
08:56 Scout Tower
09:03 Scout Tower
09:05 Scout Tower
09:12 Guard Tower
09:18 Scout Tower
09:39 Arcane Sanctum
09:42 Arcane Tower
09:49 Guard Tower
10:26 Guard Tower
10:28 Guard Tower
10:28 Castle
10:30 Scout Tower
10:40 Scout Tower
10:41 Scout Tower
10:58 Guard Tower
11:01 Scout Tower
11:01 Scout Tower
11:07 Guard Tower
11:15 Arcane Vault
11:33 Scout Tower
11:33 Scout Tower
11:35 Scout Tower
11:36 Scout Tower
11:39 Guard Tower
11:46 Scout Tower
12:28 Guard Tower
12:37 Guard Tower
12:39 Scout Tower
12:40 Scout Tower
12:41 Scout Tower
13:26 Scout Tower
13:27 Scout Tower
14:21 Guard Tower
14:23 Arcane Tower
14:24 Scout Tower
14:52 Guard Tower
15:24 Guard Tower
15:25 Scout Tower
15:33 Scout Tower
15:34 Scout Tower
16:08 Guard Tower
16:09 Scout Tower
16:10 Scout Tower
16:12 Scout Tower
16:13 Scout Tower
16:13 Scout Tower
16:52 Guard Tower
16:54 Scout Tower
16:55 Scout Tower
16:59 Scout Tower
17:00 Scout Tower
17:12 Guard Tower
17:30 Guard Tower
17:33 Scout Tower
17:34 Scout Tower
18:04 Guard Tower
18:15 Guard Tower
18:30 Scout Tower
19:02 Scout Tower
19:32 Scout Tower
19:34 Guard Tower
19:36 Scout Tower
19:57 Scout Tower
19:58 Scout Tower
20:03 Scout Tower
20:03 Scout Tower
20:04 Scout Tower
20:05 Guard Tower
20:07 Scout Tower
20:25 Scout Tower
20:36 Guard Tower
20:39 Scout Tower
20:55 Guard Tower
21:24 Scout Tower
21:25 Scout Tower
21:47 Scout Tower
21:48 Scout Tower
21:51 Guard Tower
22:22 Guard Tower
22:24 Scout Tower
22:24 Scout Tower
22:37 Scout Tower
22:39 Scout Tower
22:43 Scout Tower
22:44 Scout Tower
23:16 Guard Tower
23:56 Guard Tower
24:21 Scout Tower
24:21 Scout Tower
24:22 Scout Tower
25:10 Guard Tower
25:11 Scout Tower
25:12 Scout Tower
25:35 Scout Tower
25:44 Guard Tower
26:26 Scout Tower
26:27 Scout Tower
26:58 Scout Tower
26:59 Scout Tower
27:05 Guard Tower
27:39 Scout Tower
27:40 Scout Tower
28:33 Scout Tower
28:34 Scout Tower
28:35 Guard Tower
29:48 Guard Tower
30:04 Scout Tower
30:33 Scout Tower
30:33 Scout Tower
30:34 Scout Tower
30:34 Scout Tower
30:36 Scout Tower
30:37 Scout Tower
30:38 Scout Tower
30:38 Scout Tower
30:47 Scout Tower
30:48 Scout Tower
30:48 Scout Tower
30:51 Scout Tower
30:52 Scout Tower
30:53 Scout Tower
30:56 Town Hall
31:06 Guard Tower
31:13 Guard Tower
31:15 Scout Tower
31:28 Guard Tower
31:28 Guard Tower
31:29 Guard Tower
31:29 Guard Tower
31:31 Guard Tower
31:44 Guard Tower
31:52 Guard Tower
31:56 Guard Tower
32:24 Guard Tower
35:40 Scout Tower
35:41 Scout Tower
35:42 Scout Tower
35:43 Scout Tower
35:44 Scout Tower
35:58 Scout Tower
35:59 Scout Tower
35:59 Scout Tower
36:00 Scout Tower
36:17 Guard Tower
36:42 Guard Tower
37:05 Guard Tower
38:36 Guard Tower
52:34 Scout Tower
52:35 Scout Tower
53:07 Guard Tower
55:05 Guard Tower
64:12 Scout Tower
64:14 Scout Tower
67:54 Scout Tower
67:54 Scout Tower
67:55 Scout Tower
67:58 Scout Tower
67:58 Scout Tower
67:59 Scout Tower
68:03 Scout Tower
68:03 Scout Tower
68:08 Scout Tower
68:10 Scout Tower
68:11 Scout Tower
68:16 Scout Tower
68:17 Scout Tower
68:19 Scout Tower
68:20 Scout Tower
68:21 Scout Tower
68:22 Scout Tower
68:24 Guard Tower
68:28 Scout Tower
68:28 Scout Tower
68:49 Guard Tower
68:50 Guard Tower
69:08 Guard Tower
69:16 Guard Tower
69:39 Guard Tower
69:45 Scout Tower
69:46 Scout Tower
70:05 Guard Tower
74:17 Arcane Vault
82:27 Scout Tower
84:46 Scout Tower
87:12 Town Hall
» items
| Boots of Speed | 3 | |
| Staff of Teleportation | 3 | |
| Scroll of Regeneration | 4 | |
| Healing Salve | 6 | |
| Orb of Lightning | 2 | |
| Staff of Sanctuary | 2 | |
| Potion of Healing | 1 | |
| Lesser Clarity Potion | 1 | |
| Scroll of Town Portal | 9 | |
| Orb of Fire | 1 | |
32 total
team 2 (winner)
bad_acc_name (
purple | 50 APM | 5155 actions | 103:59)
7 Archmage
3 Summon Water Elemental
3 Brilliance Aura
1 Mass Teleport
4 Pit Lord
2 Rain of Fire
2 Howl of Terror
4 Paladin
2 Holy Light
1 Divine Shield
1 Devotion Aura
» actions
| Assign group hotkey | 154 | |
| Basic commands | 47 | |
| Build / train | 176 | |
| Enter build submenu | 59 | |
| Enter hero's abilities submenu | 15 | |
| Give item / drop item | 3 | |
| Remove unit from queue | 1 | |
| Right click | 2174 | |
| Select / deselect | 1265 | |
| Select group hotkey | 957 | |
| Use ability | 304 | |
5155 total
» units
| Peasant | 42 | |
| Footman | 7 | |
| Rifleman | 4 | |
| Ogre Magi | 1 | |
| Mortar Team | 13 | |
| Priest | 3 | |
| Flying Machine | 1 | |
| Siege Engine | 21 | |
| Knight | 3 | |
95 total
» upgrades
| Lumber Harvesting | 2 | |
| Masonry | 3 | |
| Flare | 1 | |
| Fragmentation Shards | 1 | |
| Barrage | 1 | |
| Flying Machine Bombs | 1 | |
| Flak Cannons | 1 | |
| Priest Training | 3 | |
| Defend | 1 | |
| Gunpowder | 3 | |
| Armor | 1 | |
| Plating | 3 | |
| Magic Sentry | 1 | |
22 total
» buildings
| Altar of Kings | 2 | |
| Farm | 10 | |
| Barracks | 1 | |
| Scout Tower | 24 | |
| Arcane Vault | 1 | |
| Arcane Tower | 1 | |
| Lumber Mill | 1 | |
| Keep | 1 | |
| Guard Tower | 16 | |
| Town Hall | 8 | |
| Castle | 1 | |
| Blacksmith | 1 | |
| Arcane Sanctum | 2 | |
| Workshop | 4 | |
73 total
» build order
00:07 Altar of Kings
00:11 Farm
00:48 Barracks
01:19 Farm
01:36 Scout Tower
01:54 Arcane Vault
02:11 Arcane Tower
03:05 Scout Tower
03:12 Lumber Mill
03:41 Farm
03:54 Keep
04:36 Farm
04:57 Guard Tower
05:00 Farm
05:47 Town Hall
06:03 Town Hall
08:34 Castle
08:41 Blacksmith
09:46 Arcane Sanctum
10:06 Workshop
10:10 Workshop
11:13 Farm
11:51 Farm
12:32 Farm
13:13 Scout Tower
13:17 Scout Tower
13:48 Guard Tower
13:54 Scout Tower
15:16 Guard Tower
17:05 Farm
17:08 Farm
19:31 Town Hall
19:56 Workshop
19:58 Workshop
21:40 Town Hall
27:45 Scout Tower
27:46 Scout Tower
27:48 Scout Tower
28:18 Guard Tower
29:33 Guard Tower
31:26 Town Hall
31:35 Scout Tower
31:38 Scout Tower
31:40 Scout Tower
31:42 Scout Tower
32:42 Guard Tower
34:31 Scout Tower
35:12 Guard Tower
35:15 Scout Tower
35:55 Guard Tower
36:43 Scout Tower
37:06 Scout Tower
37:25 Guard Tower
38:00 Guard Tower
38:23 Scout Tower
38:27 Scout Tower
39:59 Town Hall
40:01 Guard Tower
40:56 Arcane Sanctum
43:23 Town Hall
44:44 Town Hall
49:49 Altar of Kings
57:29 Scout Tower
57:33 Scout Tower
58:01 Guard Tower
59:14 Guard Tower
59:17 Scout Tower
61:35 Scout Tower
62:44 Guard Tower
81:54 Scout Tower
82:26 Guard Tower
84:38 Scout Tower
86:52 Guard Tower
» items
| Dust of Appearance | 1 | |
| Scroll of Regeneration | 1 | |
| Lesser Clarity Potion | 1 | |
| Potion of Healing | 3 | |
| Boots of Speed | 1 | |
| Potion of Lesser Invulnerability | 3 | |
| Scroll of Healing | 3 | |
| Scroll of Protection | 2 | |
| Scroll of Town Portal | 3 | |
| Scroll of Speed | 2 | |
| Healing Salve | 1 | |
21 total
CronoNoob (
orange | 152 APM | 15858 actions | 103:59)
6 Blademaster
2 Wind Walk
3 Critical Strike
1 Bladestorm
6 Shadow Hunter
3 Hex
3 Healing Wave
» actions
| Assign group hotkey | 3490 | |
| Basic commands | 778 | |
| Build / train | 208 | |
| ESC pressed | 24 | |
| Enter build submenu | 84 | |
| Enter hero's abilities submenu | 12 | |
| Give item / drop item | 5 | |
| Right click | 3904 | |
| Select / deselect | 1518 | |
| Select group hotkey | 5109 | |
| Use ability | 724 | |
15858 total
» units
| Peon | 56 | |
| Grunt | 9 | |
| Raider | 21 | |
| Demolisher | 29 | |
| Troll Batrider | 32 | |
147 total
» upgrades
| Ensnare | 1 | |
| Pillage | 1 | |
| Ranged Weapons | 3 | |
| Reinforced Defenses | 1 | |
| Burning Oil | 1 | |
| Berserker Strength | 1 | |
8 total
» buildings
| Altar of Storms | 1 | |
| Orc Burrow | 8 | |
| Voodoo Lounge | 4 | |
| Barracks | 3 | |
| Stronghold | 3 | |
| Beastiary | 2 | |
| War Mill | 2 | |
| Watch Tower | 43 | |
| Fortress | 2 | |
| Great Hall | 5 | |
73 total
» build order
00:06 Altar of Storms
00:16 Orc Burrow
00:50 Voodoo Lounge
01:26 Barracks
01:47 Orc Burrow
02:56 Stronghold
02:56 Stronghold
03:36 Orc Burrow
05:26 Beastiary
05:28 Beastiary
06:04 Orc Burrow
07:41 War Mill
07:43 Orc Burrow
09:26 Barracks
09:28 Orc Burrow
09:46 Orc Burrow
10:18 Orc Burrow
22:41 Watch Tower
22:42 Watch Tower
23:09 Watch Tower
23:10 Watch Tower
24:32 Watch Tower
27:27 Watch Tower
27:28 Watch Tower
27:29 Watch Tower
27:30 Fortress
27:31 Fortress
29:01 Watch Tower
33:25 Watch Tower
33:25 Watch Tower
33:25 Watch Tower
33:26 Watch Tower
33:27 Watch Tower
33:28 Watch Tower
33:28 Watch Tower
33:44 Watch Tower
37:50 Watch Tower
38:58 Voodoo Lounge
43:10 Barracks
43:46 Watch Tower
44:43 War Mill
52:39 Watch Tower
52:40 Watch Tower
52:46 Watch Tower
53:44 Watch Tower
53:46 Watch Tower
53:47 Watch Tower
57:45 Great Hall
58:11 Watch Tower
58:55 Watch Tower
58:57 Watch Tower
61:42 Watch Tower
75:17 Great Hall
79:48 Voodoo Lounge
79:58 Voodoo Lounge
79:59 Watch Tower
80:58 Watch Tower
81:57 Watch Tower
82:24 Watch Tower
83:05 Watch Tower
83:06 Watch Tower
83:12 Watch Tower
83:50 Watch Tower
84:27 Watch Tower
84:28 Watch Tower
90:52 Great Hall
100:48 Watch Tower
100:49 Watch Tower
100:49 Watch Tower
100:50 Watch Tower
103:03 Great Hall
103:51 Great Hall
» items
| Healing Salve | 4 | |
| Lesser Clarity Potion | 4 | |
| Scroll of Speed | 5 | |
| Circlet of Nobility | 1 | |
| Dust of Appearance | 2 | |
| Scroll of Healing | 1 | |
| Scroll of Town Portal | 1 | |
| Orb of Lightning | 2 | |
| Potion of Healing | 5 | |
25 total
Jrep (
teal | 80 APM | 8345 actions | 103:59)
6 Death Knight
3 Death Coil
3 Unholy Aura
4 Lich
2 Frost Nova
2 Frost Armor
» actions
| Assign group hotkey | 132 | |
| Basic commands | 997 | |
| Build / train | 197 | |
| ESC pressed | 21 | |
| Enter build submenu | 45 | |
| Enter hero's abilities submenu | 10 | |
| Give item / drop item | 1 | |
| Remove unit from queue | 1 | |
| Right click | 2620 | |
| Select / deselect | 1246 | |
| Select group hotkey | 2544 | |
| Use ability | 530 | |
8345 total
» units
| Acolyte | 56 | |
| Ghoul | 5 | |
| Crypt Fiend | 32 | |
| Obsidian Statue | 2 | |
| Frost Wyrm | 31 | |
126 total
» upgrades
| Creature Attack | 2 | |
| Web | 1 | |
| Freezing Breath | 1 | |
4 total
» buildings
| Crypt | 1 | |
| Graveyard | 1 | |
| Altar of Darkness | 1 | |
| Ziggurat | 17 | |
| Tomb of Relics | 1 | |
| Halls of the Dead | 3 | |
| Nerubian Tower | 7 | |
| Black Citadel | 2 | |
| Slaughterhouse | 1 | |
| Sacrificial Pit | 1 | |
| Boneyard | 2 | |
| Necropolis | 1 | |
| Spirit Tower | 8 | |
46 total
» build order
00:11 Crypt
00:21 Graveyard
00:35 Altar of Darkness
00:46 Ziggurat
01:26 Tomb of Relics
01:40 Ziggurat
03:20 Ziggurat
04:05 Halls of the Dead
04:05 Halls of the Dead
04:40 Nerubian Tower
04:40 Nerubian Tower
05:30 Ziggurat
06:49 Black Citadel
06:49 Black Citadel
08:00 Slaughterhouse
08:55 Sacrificial Pit
10:23 Boneyard
11:52 Ziggurat
16:17 Ziggurat
29:11 Ziggurat
29:12 Ziggurat
29:15 Ziggurat
29:29 Necropolis
29:32 Ziggurat
29:34 Ziggurat
29:35 Ziggurat
29:37 Ziggurat
29:39 Ziggurat
30:11 Nerubian Tower
30:13 Spirit Tower
30:14 Spirit Tower
30:41 Ziggurat
30:46 Nerubian Tower
30:46 Nerubian Tower
31:14 Nerubian Tower
31:17 Spirit Tower
31:36 Ziggurat
31:41 Spirit Tower
31:41 Spirit Tower
34:41 Spirit Tower
34:43 Ziggurat
37:51 Boneyard
» items
| Rod of Necromancy | 2 | |
| Dust of Appearance | 1 | |
| Potion of Healing | 4 | |
| Scroll of Town Portal | 10 | |
| Orb of Corruption | 1 | |
| Potion of Lesser Invulnerability | 2 | |
| Boots of Speed | 1 | |
| Potion of Mana | 2 | |
23 total
Chat log
(14:56 / All) CronoNoob: kodos lose
(14:58 / All) CronoNoob: rape fest
(15:16 / All) CronoNoob: leave trash
(17:12 / All) CronoNoob: lawl
(17:45 / All) CronoNoob: raped
(18:18 / All) Jrep: lol
(18:32 / All) CronoNoob: \
(18:34 / All) CronoNoob: kodos #1
(32:48 / All) Jrep: haha
(32:50 / All) Jrep: faggots
(33:01 / All) CronoNoob: mh and lose
(33:02 / All) CronoNoob: so bad kodos
(34:08 / All) iggy_the_fisk: jesusfucken christ you guyes are bad...
(34:18 / All) CronoNoob: bad players lose
(34:18 / All) CronoNoob: thx
(34:22 / All) CronoNoob: THX
(34:30 / All) iggy_the_fisk: Lose their heroes to towers that's what lmao
(34:45 / All) CronoNoob: mh and lose
(34:47 / All) CronoNoob: get raped .com
(34:52 / All) iggy_the_fisk: gonna enjoy checking your 50 apms when I upload this to www.highper.ch
(34:52 / All) CronoNoob: check yourself out
(35:00 / All) CronoNoob: get your ass gaped
(35:02 / All) CronoNoob: by your boyfriend
(35:05 / All) CronoNoob: byw
(49:30 / All) CronoNoob: like 20
(49:40 / All) BORNINTHEusa: do you guys think'
(49:43 / All) BORNINTHEusa: this is kind of embarrassing
(49:46 / All) BORNINTHEusa: or is it just me
(49:46 / All) CronoNoob: no
(49:49 / All) CronoNoob: fun
(49:54 / All) BORNINTHEusa: got 15 mines cant kill one base lol
(50:02 / All) CronoNoob: ya nice tower set up
(50:04 / All) CronoNoob: thats why
(50:06 / All) CronoNoob: want a medal
(50:09 / All) CronoNoob: and MH
(50:10 / All) CronoNoob: forgot
(50:13 / All) CronoNoob: legit rape
(50:14 / All) CronoNoob: feels good
(50:18 / All) BORNINTHEusa: lmao
(50:22 / All) BORNINTHEusa: sorry you think good play is mh
(50:26 / All) BORNINTHEusa: sorry you are retarded
(50:40 / All) BEAR_AND: lol
(65:14 / All) iggy_the_fisk: wooww
(65:15 / All) iggy_the_fisk: Noobs
(66:21 / All) iggy_the_fisk: what a godawful attack
(68:31 / All) iggy_the_fisk: what the fuck were you doing
(68:33 / All) iggy_the_fisk: with that attack
(70:29 / All) iggy_the_fisk: Orange wtf
(70:30 / All) iggy_the_fisk: so bad
(72:03 / All) iggy_the_fisk: guys..
(72:03 / Allies) iggy_the_fisk: wtf.
(72:10 / All) iggy_the_fisk: wtf
(98:45 / All) Jrep: goddnite faggots
(98:53 / All) CronoNoob: my boner just went down
(103:54 / All) iggy_the_fisk: you had all the mines and barely lost
(103:57 / All) iggy_the_fisk: gg you are awful